 Dungeon Crawl Stone Soup version 0.29.1-12-g30fa7ad0bf (webtiles) character file.

Game seed: 12909008263154040970

17425 booth the Cleaver (level 12, -6/79 HPs)
             Began as a Demonspawn Gladiator on Jan 3, 2023.
             Was an Elder of Hepliaklqana.
             Mangled by a merfolk
             ... wielding a +0 trident
             ... led by a merfolk impaler
              (20 damage)
             ... on level 1 of the Shoals on Jan 4, 2023.
             The game lasted 01:42:39 (11566 turns).

booth the Cleaver (Demonspawn Gladiator)           Turns: 11566, Time: 01:42:39

Health: -6/79      AC: 20    Str: 20    XL:     12   Next: 18%
Magic:  12/12      EV: 14    Int:  7    God:    Hepliaklqana [****..]
Gold:   558        SH:  8    Dex: 15    Spells: 11/11 levels left

rFire   + . .      SeeInvis +   u - +8 war axe "Weusk" {vorpal, rPois}
rCold   + . .      Faith    +   (no shield)
rNeg    . . .      Spirit   .   x - +2 ring mail
rPois   +          Reflect  .   (helmet restricted)
rElec   .          Harm     .   (no cloak)
rCorr   .          Rampage  .   J - +1 pair of gloves
Will    .....                   (no boots)
Stlth   ++........              G - amulet of faith
HPRegen 0.23/turn               c - ring of protection from cold
MPRegen 0.13/turn               E - ring of protection from fire

@: studying 2 skills
A: reduced essence, claws 1, horns 2, icemail 2, spiny 1, condensation shield,
iridescent scales 1, large bone plates 1, see invisible, dopey 1
a: Renounce Religion, Recall Ancestor, Ancestor Identity, Transference, Idealise


You were on level 1 of the Shoals.
You worshipped Hepliaklqana.
Hepliaklqana was greatly pleased with you.
You visited 4 branches of the dungeon, and saw 13 of its levels.

You collected 602 gold pieces.
You spent 44 gold pieces at shops.

Inventory:

Hand Weapons
 n - a +2 whip of electrocution
 u - the +8 war axe "Weusk" (weapon) {vorpal, rPois}
   (You found it on level 3 of the Dungeon)

   It inflicts extra damage upon your enemies.
   rPois:     It protects you from poison.
 w - a +3 mace
Missiles
 d - 4 throwing nets (quivered)
 k - 37 poisoned darts
 l - 10 curare-tipped darts
 p - 20 boomerangs
 I - 3 javelins
Armour
 x - a +2 ring mail (worn)
 J - a +1 pair of gloves (worn)
 K - a +0 scale mail
Jewellery
 a - a ring of magical power
 c - a ring of protection from cold (left hand)
 h - an amulet of the acrobat
 r - a ring of flight
 y - a ring of protection from fire
 C - a ring of positive energy
 E - a ring of protection from fire (right hand)
 G - an amulet of faith (around neck)
Wands
 e - a wand of flame (11)
 i - a wand of iceblast (15)
 A - a wand of light (14)
 L - a wand of paralysis (2)
Scrolls
 f - 2 scrolls of immolation
 m - a scroll of amnesia
 s - a scroll of silence
 t - a scroll of enchant armour
 v - 3 scrolls of poison
 z - 2 scrolls of vulnerability
 B - 2 scrolls of fear
 N - a scroll of teleportation
Potions
 b - a potion of berserk rage
 g - 5 potions of curing
 j - 5 potions of lignification
 o - 2 potions of mutation
 q - a potion of might
 F - a potion of cancellation
 H - a potion of flight
 M - a potion of brilliance
 P - a potion of ambrosia {unknown}
Miscellaneous
 O - a condenser vane


   Skills:
 + Level 6.1 Fighting
 * Level 14.5 Axes
 - Level 1.4(9.5) Maces & Flails
 + Level 2.6 Throwing
 + Level 5.6 Armour
 + Level 7.1 Dodging
 + Level 2.8 Stealth
 + Level 4.3 Shields
 * Level 3.9 Evocations


You had 11 spell levels left.
You didn't know any spells.
Your spell library contained the following spells:

 Spells                   Type           Power      Damage    Failure   Level
 Foxfire                  Conj/Fire      0%         2x1d4     58%         1
 Sandblast                Erth           0%         2d4       58%         1
 Summon Small Mammal      Summ           0%         N/A       58%         1
 Passwall                 Tmut/Erth      0%         N/A       75%         2
 Call Canine Familiar     Summ           0%         N/A       92%         3
 Conjure Flame            Conj/Fire      0%         6-21      92%         3
 Gell's Gravitas          Tloc           0%         N/A       92%         3
 Ignite Poison            Fire/Tmut/Pois 0%         N/A       92%         3
 Inner Flame              Hex/Fire       0%         N/A       92%         3
 Lesser Beckoning         Tloc           0%         N/A       92%         3
 Ozocubu's Armour         Ice            0%         N/A       92%         3
 Spider Form              Tmut/Pois      0%         N/A       92%         3
 Stone Arrow              Conj/Erth      0%         3d7       92%         3
 Summon Guardian Golem    Hex/Summ       0%         N/A       92%         3
 Teleport Other           Tloc           0%         N/A       92%         3
 Flame Wave               Conj/Fire      0%         2d4       100%        4
 Hailstorm                Conj/Ice       0%         3d3       100%        4
 Passage of Golubria      Tloc           0%         N/A       100%        4
 Metabolic Englaciation   Hex/Ice        0%         N/A       100%        5
 Silence                  Hex/Air        0%         N/A       100%        5
 Lehudib's Crystal Spear  Conj/Erth      0%         10d2      100%        8


Dungeon Overview and Level Annotations

Branches:
Dungeon (9/15)             Temple (1/1) D:7            Lair (2/5) D:9
 Shoals (1/4) Lair:2
  Snake: Lair:2-3    Spider: Lair:2-3       Orc: D:9-12

Altars:
Ashenzari
Cheibriados
Dithmenos
Fedhas
Gozag
Hepliaklqana
Kikubaaqudgha
Makhleb
Nemelex Xobeh
Okawaru
Qazlal
Ru
Sif Muna
Trog
Uskayaw
Vehumet
Wu Jian
Xom
Yredelemnul

Shops:
D:2 *   D:4 *   D:9 *

Annotations:
Lair:1 2 transporters, Fiagud's ghost, novice VSBr


Innate Abilities, Weirdness & Mutations

Your life essence is reduced to manifest your ancestor. (-10% HP)
You have sharp fingernails.
You have a pair of horns on your head.
A meltable icy envelope protects you from harm. (AC +8)
You are partially covered in sharp spines.
A meltable shield of frost defends you. (SH +4)
You are partially covered in iridescent scales. (AC +2)
You are partially covered in large bone plates. (SH +4)
You have supernaturally acute eyesight. (SInv)
You are dopey. (Int -2)


Message History

* * * LOW HITPOINT WARNING * * *
The merfolk impaler barely misses you. The merfolk barely misses you.
You block the merfolk impaler's attack.
The faun points at you and mumbles some strange words.
You resist with significant effort.
You feel better.
The merfolk hits you from afar with a +0 halberd!
* * * LOW HITPOINT WARNING * * *
The merfolk impaler completely misses you.
The faun shoots a sling bullet.
The sling bullet closely misses you.
Blink to where?
Press: ? - help, Dir - move target
As you read the scroll of blinking, it crumbles to dust.
You enter the shallow water.
Moving in this stuff is going to be slow.
The merfolk impaler hits you from afar with a +0 trident.
* * * LOW HITPOINT WARNING * * *
There is a staircase back to the Lair here.
Aiming: Iceblast
Press: ? - help, Q - select action, (/) - cycle Shift-Dir - straight line The mass of ice explodes!
The iceblast engulfs the merfolk impaler!!
You kill the merfolk impaler!
You hear a splash.
You hear a splash.
The iceblast engulfs the merfolk!
The merfolk is moderately wounded.
The iceblast engulfs the manticore!!
The manticore is heavily wounded.
Aiming: Iceblast
Press: ? - help, Q - select action, (/) - cycle Shift-Dir - straight line, f - manticore
Aim: a manticore (heavily wounded)
The mass of ice explodes!
The iceblast engulfs the manticore!
The manticore is heavily wounded.
The iceblast engulfs the merfolk!
The merfolk is heavily wounded.
The iceblast engulfs the faun!
The faun is moderately wounded.
The merfolk hits you from afar with a +0 trident!!
You die...

≈≈≈≈≈≈~~...#H[...# #..
≈≈≈≈≈~~~~........##.....
≈≈≈≈~~..................
≈≈≈≈≈~~..###........~~~.
≈≈≈≈~~.m.###~..#......~~
≈~~~~..c.##....##...~
≈~~~...mH...†.......~~
≈~~~........~.....~.~
≈~~~~~.@......~...~~
≈~~~~~~...~...~~~~~.
≈~~~~~~~...~~~~~~~~~
≈~~....~~~~~~~~~~~~~
≈~~..#..~~~≈≈≈≈≈≈≈≈≈
≈~~~....~~~≈≈≈≈≈≈≈
≈~~~~~~~~.~≈≈≈≈≈
~~~~~~~~~.~≈≈≈≈


You could see 2 merfolk, a faun and a manticore.

Vanquished Creatures
  A merfolk impaler (Shoals:1)
  A two-headed ogre (D:7)
  Sonja (Lair:2)
  Pikel (D:5)
  A manticore (Shoals:1)
  2 merfolk sirens (Lair:2)
  A gargoyle (D:7)
  A cane toad (Lair:1)
  A rime drake (Lair:2)
  3 komodo dragons
  2 merfolk
  Grinder (D:5)
  A wind drake (Shoals:1)
  11 yaks (Lair:2)
  2 wyverns
  Eustachio (D:6)
  A steam dragon (D:9)
  Menkaure (D:5)
  7 water moccasins
  4 black bears
  5 orc warriors
  2 sky beasts
  5 ice beasts
  2 ogres
  10 wolves
  2 centaurs (D:7)
  A phantom (D:6)
  3 kobold brigands
  Blork the orc (D:6)
  10 bullfrogs
  A necrophage (D:6)
  A gnoll sergeant (D:8)
  6 scorpions
  6 wights (D:6)
  5 killer bees (D:9)
  A howler monkey (D:4)
  An electric eel (Lair:2)
  5 orc priests
  A gnoll bouda (D:9)
  4 hounds
  2 jellies
  8 orc wizards
  3 iguanas
  3 hell rats (Lair:2)
  11 gnolls
  10 adders
  2 shadow imps
  2 white imps
  An ufetubus (D:7)
  A worm (D:5)
  4 dart slugs
  36 orcs
  5 ball pythons
  6 endoplasms
  4 giant cockroaches
  10 goblins
  5 hobgoblins
  3 jackals (D:4)
  11 kobolds
  5 quokkas
  6 bats
  2 frilled lizards
  7 rats
263 creatures vanquished.

Vanquished Creatures (collateral kills)
  Erica (Lair:2)
  4 cane toads
  A snapping turtle (Shoals:1)
  3 yaks (Lair:2)
  A water elemental (Shoals:1)
  A water moccasin (Lair:1)
  3 wolves
  2 bullfrogs
  2 howler monkeys (D:9)
  A hell rat (Lair:2)
  A gnoll (D:9)
  3 orcs
  4 kobolds (D:9)
27 creatures vanquished.

Vanquished Creatures (others)
  An ogre (D:6)
  A centaur (D:6)
  A scorpion (D:6)
  A hound (D:6)
  A jelly (D:6)
  An iguana (D:6)
  3 ancestors
  2 hexers
  A shadow imp (D:6)
  An orc (D:6)
  13 fungi
  14 plants
40 creatures vanquished.

Grand Total: 330 creatures vanquished

Notes
Turn   | Place    | Note
-------+----------+-------------------------------------------
     0 | D:1      | booth the Demonspawn Gladiator began the quest for the Orb.
     0 | D:1      | Reached XP level 1. HP: 16/16 MP: 1/1
   171 | D:1      | Gained mutation: You are partially covered in large bone
                  | plates. (SH +4) [potion of mutation]
   171 | D:1      | Gained mutation: You are dopey. (Int -2) [potion of
                  | mutation]
   171 | D:1      | Gained mutation: You have supernaturally acute eyesight.
                  | (SInv) [potion of mutation]
   171 | D:1      | Gained mutation: You are partially covered in iridescent
                  | scales. (AC +2) [potion of mutation]
   386 | D:1      | Reached skill level 3 in Axes
   386 | D:1      | Gained mutation: A meltable shield of frost defends you.
                  | (SH +4) [demonic ancestry]
   386 | D:1      | Reached XP level 2. HP: 22/22 MP: 2/2
  1095 | D:2      | Gained mutation: A meltable icy envelope protects you from
                  | harm. (AC +8) [demonic ancestry]
  1095 | D:2      | Reached XP level 3. HP: 27/27 MP: 3/3
  1271 | D:2      | Found Fotsek's Assorted Antiques.
  1280 | D:2      | Bought a scroll of identify for 44 gold pieces
  2005 | D:3      | Reached skill level 1 in Armour
  2005 | D:3      | Gained mutation: You are partially covered in sharp spines.
                  | [demonic ancestry]
  2005 | D:3      | Reached XP level 4. HP: 33/33 MP: 4/4
  2148 | D:3      | Found a blossoming altar of Fedhas.
  2392 | D:3      | Identified the +8 war axe "Weusk" {vorpal, rPois}
  2625 | D:4      | Reached skill level 1 in Maces & Flails
  2625 | D:4      | Reached skill level 1 in Shields
  2625 | D:4      | Reached XP level 5. HP: 39/39 MP: 5/5
  2715 | D:4      | Found Aboyreo's Serpentskin Sales.
  2888 | D:4      | Reached skill level 4 in Axes
  3347 | D:4      | Gained mutation: A meltable icy envelope protects you from
                  | harm. (AC +8) [demonic ancestry]
  3347 | D:4      | Reached XP level 6. HP: 46/46 MP: 6/6
  3494 | D:4      | Identified a scroll of acquirement
  3495 | D:4      | Acquired a manual of Dodging
  3525 | D:5      | Entered Level 5 of the Dungeon
  3552 | D:5      | Noticed Pikel
  3559 | D:5      | Noticed Menkaure
  3569 | D:5      | Killed Pikel
  3570 | D:5      | Reached skill level 6 in Axes
  3570 | D:5      | Discovered your monstrous ancestry.
  3570 | D:5      | Gained mutation: You have a pair of small horns on your
                  | head. [demonic ancestry]
  3570 | D:5      | Reached XP level 7. HP: 42/52 MP: 7/7
  3573 | D:5      | Killed Menkaure
  3574 | D:5      | Reached skill level 1 in Stealth
  3829 | D:5      | Reached XP level 8. HP: 58/58 MP: 8/8
  3855 | D:5      | Noticed Grinder
  3876 | D:5      | Reached skill level 7 in Axes
  3879 | D:5      | Paralysed by Grinder for 4 turns
  3880 | D:5      | Killed Grinder
  4211 | D:5      | Reached skill level 8 in Axes
  5056 | D:6      | Reached XP level 9. HP: 59/65 MP: 9/9
  5211 | D:6      | Noticed Eustachio
  5230 | D:6      | Reached skill level 9 in Axes
  5230 | D:6      | Reached skill level 5 in Dodging
  5235 | D:6      | Killed Eustachio
  5413 | D:6      | Noticed Blork the orc
  5423 | D:6      | Killed Blork the orc
  5777 | D:6      | Reached skill level 10 in Axes
  5910 | D:6      | Found a shimmering altar of Xom.
  6411 | D:7      | Found a staircase to the Ecumenical Temple.
  6458 | Temple   | Entered the Ecumenical Temple
  6599 | Temple   | Became a worshipper of Hepliaklqana the Forgotten
  6709 | D:7      | Found a basalt altar of Yredelemnul.
  6709 | D:7      | Found a bloodstained altar of Trog.
  7013 | D:7      | Noticed a two-headed ogre
  7016 | D:7      | Noticed a gargoyle
  7024 | D:7      | Killed a two-headed ogre
  7025 | D:7      | Reached skill level 11 in Axes
  7025 | D:7      | Gained mutation: You have a pair of horns on your head.
                  | [demonic ancestry]
  7025 | D:7      | Reached XP level 10. HP: 58/73 MP: 10/10
  7027 | D:7      | Killed a gargoyle
  7338 | D:7      | Got the Monograph on Cold and Venin
  7877 | D:8      | Reached * piety under Hepliaklqana
  8066 | D:8      | Noticed a two-headed ogre
  8183 | D:9      | Reached skill level 12 in Axes
  8843 | D:9      | Reached ** piety under Hepliaklqana
  8844 | D:9      | Remembered your ancestor Inhapa as a hexer
  8949 | D:9      | Found a staircase to the Lair.
  8965 | D:9      | Found Neebocho's Mayhem Merchandise.
  9280 | Lair:1   | Entered Level 1 of the Lair of Beasts
  9280 | Lair:1   | Noticed a cane toad
  9285 | Lair:1   | Killed a cane toad
  9298 | Lair:1   | Reached skill level 5 in Fighting
  9301 | Lair:1   | Noticed a cane toad
  9318 | Lair:1   | Killed a cane toad
  9427 | Lair:1   | Gained mutation: You have sharp fingernails. [demonic
                  | ancestry]
  9427 | Lair:1   | Reached XP level 11. HP: 67/71 MP: 11/11
  9476 | Lair:1   | Reached skill level 1 in Evocations
  9529 | Lair:1   | Reached *** piety under Hepliaklqana
  9591 | Lair:1   | Reached skill level 5 in Armour
  9665 | Lair:1   | Found a bloodstained altar of Trog.
  9665 | Lair:1   | Noticed Fiagud's ghost (novice VSBr)
  9666 | Lair:1   | Noticed a spriggan rider
  9666 | Lair:1   | Noticed a spriggan rider
  9667 | Lair:1   | Found a transporter.
  9687 | Lair:1   | Found a transporter.
 10155 | Lair:1   | Reached skill level 13 in Axes
 10691 | Lair:2   | Noticed Sonja
 10697 | Lair:2   | Killed Sonja
 10718 | Lair:2   | Noticed Erica
 10728 | Lair:2   | Killed Erica
 10904 | Lair:2   | Reached **** piety under Hepliaklqana
 10949 | Lair:2   | Reached skill level 14 in Axes
 11339 | Lair:2   | Found a staircase to the Shoals.
 11363 | Lair:2   | Reached XP level 12. HP: 71/78 MP: 12/12
 11471 | Shoals:1 | Entered Level 1 of the Shoals
 11519 | Shoals:1 | Noticed a merfolk impaler
 11565 | Shoals:1 | Killed a merfolk impaler
 11566 | Shoals:1 | Mangled by a merfolk

Illustrated notes

Levels and vault maps discovered:
D:1:      moated_graveyard_arrival, layout_basic
D:2:      wad_pebble_path, layout_basic, serial_shops, shop_statue
D:3:      layout_basic, fedhas_altar_fruit_tree, minmay_misc_feat_roman
D:4:      layout_basic, grunt_ministairs_8, guppyfry_shop_venom
D:5:      layout_basic, kennysheep_another_room, serial_bayou_pond_a,
          uniq_menkaure, uniq_grinder, uniq_pikel
D:6:      layout_loops_ring, xom_confusion_cloud, sword_in_stone
D:7:      layout_loops_corners, grunt_temple_overflow_open,
          minmay_temple_entry_statues_fountains, minmay_manual_mandibuliform
D:8:      layout_basic, uniq_maurice
D:9:      layout_basic, grunt_lair_entry_orc_guard_hut, minmay_shop_mayhem
Temple:   regret_index_temple_chain_breaker
Lair:1:   layout_cave_pods, gammafunk_ghost_wrathful_warriors, st_stairs_7,
          lemuel_old_faithful, grunt_megastairs_1, serial_bayou_shore_b
Lair:2:   layout_regular_city, elwin_shoals_entry_rooms, grunt_megastairs_4,
          lemuel_fruit_tree, uniq_erica, uniq_sonja
Shoals:1: layout_shoals

Skill      XL: |  1  2  3  4  5  6  7  8  9 10 11 12 |
---------------+-------------------------------------+-----
Axes           | 3 4 6 8 11 12 14 | 14.5
Dodging        | 3 4 5 6 7 |  7.1
Armour         | 1 2 3 4 5 |  5.6
Maces & Flails | 1 |  1.4
Shields        | 1 2 3 4 |  4.3
Fighting       | 3 4 5 6 |  6.1
Stealth        | 1 2 |  2.8
Throwing       | 2 |  2.6
Evocations     | 3 |  3.9

Action                   |  1- 3 |  4- 6 |  7- 9 | 10-12 || total
-------------------------+-------+-------+-------+-------++-------
Melee: War axe           |    38 |    54 |   171 |   239 ||   502
       Whip              |    62 |    15 |       |       ||    77
       Punch             |       |     1 |       |     4 ||     5
       Headbutt          |       |       |    28 |    48 ||    76
Throw: Dart              |       |       |     3 |     7 ||    10
       Javelin           |       |       |     2 |     2 ||     4
Invok: Ancestor Life: He |       |       |       |     1 ||     1
       Ancestor Identity |       |       |       |     1 ||     1
Evoke: Wand              |     1 |       |     3 |     6 ||    10
  Use: Scroll            |     9 |     6 |     6 |    12 ||    33
       Potion            |     1 |       |     1 |     4 ||     6
 Stab: Distracted        |       |       |       |     4 ||     4
       Confused          |       |       |       |     1 ||     1
Armor: Leather armour    |    32 |    17 |       |       ||    49
       Ring mail         |       |       |    48 |    72 ||   120
Dodge: Dodged            |    66 |    43 |    92 |   118 ||   319
Block: Other             |    33 |    16 |    48 |    81 ||   178
